 Dungeon Crawl Stone Soup version 0.25-a0-85-g7617fd2bc2 (webtiles) character file.

Game seed: 28613204699385301, levelgen mode: deterministic

89 D1HalberdGnoll the Poker (level 4, 0/35 HPs)
             Began as a Merfolk Skald on Nov 8, 2019.
             Was an Initiate of Makhleb.
             Slain by Grinder (6 damage)
             ... on level 3 of the Dungeon.
             The game lasted 00:02:12 (1870 turns).

D1HalberdGnoll the Poker (Merfolk Skald)            Turns: 1870, Time: 00:02:13

Health: 0/35       AC:  5    Str: 12    XL:     4   Next: 55%
Magic:  1/7        EV: 13    Int: 12    God:    Makhleb [......]
Gold:   112        SH:  0    Dex: 13    Spells: 6/7 levels left

rFire    . . .     SeeInvis .   a - +0 spear
rCold    . . .     Gourm    .   (no shield)
rNeg     . . .     Faith    .   e - +2 leather armour {MR+}
rPois    .         Spirit   .   (no helmet)
rElec    .         Reflect  .   (no cloak)
rCorr    .         Harm     .   (no gloves)
MR       +....                  (no boots)
Stlth    +.........             (no amulet)
HPRegen  0.11/turn              (no ring)
MPRegen  0.10/turn              (no ring)

@: infused
A: change form in water, swift swim, stealthy swim
a: Renounce Religion


You were on level 3 of the Dungeon.
You worshipped Makhleb.
Makhleb was noncommittal.
You were not hungry.

You visited 1 branch of the dungeon, and saw 3 of its levels.

You collected 112 gold pieces.

Inventory:

Hand Weapons
 a - a +0 spear (weapon)
Armour
 e - a +2 leather armour of magic resistance (worn)
Scrolls
 b - 3 scrolls of teleportation {unknown}
 f - a scroll of noise {unknown}
 g - a scroll of identify {unknown}
Potions
 c - a potion of berserk rage {unknown}
 h - a potion of resistance {unknown}
 i - a potion of ambrosia {unknown}
 j - a potion of brilliance {unknown}
 k - a potion of curing {unknown}
 l - a potion of mutation {unknown}
Comestibles
 d - 7 rations


   Skills:
 + Level 3.0 Fighting
 * Level 4.8 Polearms
 + Level 1.3 Armour
 + Level 3.6 Dodging
 - Level 2.0 Spellcasting
 - Level 3.2 Charms


You had 6 spell levels left.
You knew the following spells:

 Your Spells              Type           Power        Failure   Level  Hunger
a - Infusion              Chrm           #...         9%          1    ##.....

Your spell library contained the following spells:

 Spells                   Type           Power        Failure   Level  Hunger
 Song of Slaying          Chrm           #.......     14%         2    ###....
 Shroud of Golubria       Chrm/Tloc      #.....       26%         2    ###....
 Beastly Appendage        Tmut           #.....       34%         1    ##.....
 Sticks to Snakes         Tmut           #.......     45%         2    ###....
 Regeneration             Chrm/Necr      #.........   47%         3    ####...
 Spectral Weapon          Hex/Chrm       #.......     47%         3    ####...
 Spider Form              Tmut/Pois      #.........   71%         3    ####...
 Ice Form                 Ice/Tmut       #.......     98%         4    #####..
 Blade Hands              Tmut           #.........   100%        5    ######.


Dungeon Overview and Level Annotations

Branches:
Dungeon (3/15)

Altars:
Makhleb

Annotations:
D:3 Grinder


Message History

Press: ? - help, Dir - move target cursor, f/p - Grinder
Aim: Grinder (moderately wounded)
You hit Grinder.
Grinder is heavily wounded.
Grinder closely misses you.
Attack whom?
Press: ? - help, Dir - move target cursor, f/p - Grinder
Aim: Grinder (heavily wounded)
You hit Grinder.
Grinder is severely wounded.
Grinder closely misses you.
Attack whom?
Press: ? - help, Dir - move target cursor, f/p - Grinder
Aim: Grinder (severely wounded)
You closely miss Grinder.
Grinder is severely wounded.
Grinder hits you!
* * * LOW HITPOINT WARNING * * *
You writhe in agony.
You die...

## ....# .... #.###.#
#.. #.# #.#
#..########g. #.# #.#
#......=..... #.# #.#
#. #.# #.# #.# #.##g##
#.# #..
#.#.#5###########.###..
#..###@.....(.....##...
###.#.########.......>.
#.......# #.#####...
#..####.# #<# ##.. #..#
#.# #.. #..# #.# #.#
#<.# #.# #.# #..# .#.
.# #..# # #


You could see Grinder and a goblin.

Vanquished Creatures
  2 adders (D:2)
  A gnoll (D:1)
  2 oozes
  A worm (D:2)
  4 dart slugs (D:1)
  A leopard gecko (D:2)
  2 bats (D:3)
  A giant cockroach (D:1)
  5 goblins
  5 hobgoblins
  5 jackals
  5 kobolds
  2 frilled lizards
  7 rats
43 creatures vanquished.

Notes
Turn   | Place    | Note
-------+----------+-------------------------------------------
     0 | D:1      | D1HalberdGnoll the Merfolk Skald began the quest for the
                  | Orb.
     0 | D:1      | Reached XP level 1. HP: 16/16 MP: 3/3
    21 | D:1      | Reached XP level 2. HP: 22/23 MP: 5/5
   100 | D:1      | Reached skill level 1 in Armour
   179 | D:1      | Reached XP level 3. HP: 27/28 MP: 1/6
   193 | D:1      | Reached skill level 4 in Polearms
   710 | D:2      | Found a burning altar of Makhleb.
   805 | D:2      | Reached XP level 4. HP: 25/34 MP: 2/7
   965 | D:2      | Became a worshipper of Makhleb the Destroyer
  1848 | D:3      | Noticed Grinder
  1870 | D:3      | Slain by Grinder

Levels and vault maps discovered:
D:1:      ebering_hopf_link, layout_rooms, dk_noncrumbling_2,
          minmay_tetromino_s2
D:2:      layout_loops_corners, st_stairs_2, bloody_makhleb
D:3:      layout_loops_ring, uniq_grinder

Skill      XL: |  1  2  3  4 |
---------------+-------------+-----
Dodging        | 3 |  3.6
Armour         | 1 |  1.3
Polearms       | 4 |  4.8
Fighting       | 3 |  3.0
Spellcasting   | |  2.0
Charms         | |  3.2

Action                   |  1- 3 |  4- 6 || total
-------------------------+-------+-------++-------
Melee: Spear             |   109 |    57 ||   166
       Tailslap          |     1 |       ||     1
 Cast: Infusion          |     3 |     3 ||     6
 Stab: Sleeping          |       |     1 ||     1
  Eat: Chunk             |       |     3 ||     3
Armor: Leather armour    |    19 |    11 ||    30
Dodge: Dodged            |    49 |    16 ||    65

Table legend:
 A = Non-vault XP
 B = Vault XP
 C = Vault XP percentage of total XP
 D = Non-vault monster count
 E = Vault monster count
 F = Vault count percentage of total count
                 A         B        C        D         E       F
            +---------+---------+-------+---------+---------+-------
      Total |     118 |      10 |   7.8 |      40 |       3 |   7.0
            +---------+---------+-------+---------+---------+-------
        D:1 |      56 |       7 |  11.1 |      21 |       1 |   4.5
        D:2 |      46 |       3 |   6.1 |      11 |       2 |  15.4
        D:3 |      16 |       0 |   0.0 |       8 |       0 |   0.0
            +---------+---------+-------+---------+---------+-------
